 Dungeon Crawl Stone Soup version 0.20.0-8-g6b59dc7 (webtiles) character file.

340 straycat the Sneak (level 6, 0/44 HPs)
             Began as a Vampire Wanderer on May 30, 2017.
             Slain by a gnoll
             ... wielding a +0 spear
              (6 damage)
             ... on level 4 of the Dungeon.
             The game lasted 00:28:30 (5131 turns).

straycat the Sneak (Vampire Wanderer)               Turns: 5131, Time: 00:28:32

Health: 0/44       AC:  3    Str: 11    XL:     6   Next: 30%
Magic:  10/10      EV: 14    Int: 14    God:
Gold:   173        SH:  0    Dex: 16    Spells: 11/11 levels left

rFire    . . .     SeeInvis +   n - +0 dagger (venom)
rCold    . . .     Gourm    .   (no shield)
rNeg     + . .     Faith    .   r - +0 leather armour
rPois    .         Spirit   .   (no helmet)
rElec    .         Reflect  .   (no cloak)
rCorr    .         Harm     .   (no gloves)
MR       .....                  (no boots)
Stlth    ++++......             (no amulet)
Regen    0.2/turn               l - ring of stealth
MPRegen  0.2/turn               (no ring)

@: no status effects
A: fangs 3, see invisible, unbreathing
a: Bat Form


You were on level 4 of the Dungeon.
You were not thirsty.

You visited 2 branches of the dungeon, and saw 5 of its levels.

You collected 173 gold pieces.

Inventory:

Hand Weapons
 b - a +2 blowgun
 d - a +0 falchion
 k - a +0 spear
 n - a +0 dagger of venom (weapon)
 u - a +0 hunting sling
 y - a +2 flail of crushing
Missiles
 g - 3 sling bullets
 j - 178 stones (quivered)
 o - 55 arrows
Armour
 r - a +0 leather armour (worn)
 v - a +0 ring mail
Jewellery
 l - a ring of stealth (left hand)
Wands
 F - a wand of disintegration (13/24)
 G - a wand of paralysis (8/24)
Scrolls
 c - a scroll of teleportation
 e - a scroll of blinking {unknown}
 i - a scroll of noise {unknown}
 m - a scroll of amnesia
 s - 3 scrolls of remove curse
 x - a scroll of random uselessness {unknown}
 D - 2 scrolls of enchant armour {unknown}
Potions
 f - 7 potions of blood
 h - a potion of might
 p - 3 potions of magic {unknown}
 q - a potion of flight {unknown}
 t - a potion of brilliance {unknown}
 w - a potion of resistance {unknown}
 z - a potion of cancellation {unknown}
 A - 3 potions of curing {unknown}
 B - a potion of heal wounds {unknown}
 C - a potion of mutation {unknown}
 E - a potion of degeneration {unknown}


   Skills:
 + Level 1.9 Fighting
 * Level 3.5 Short Blades
 - Level 1.0 Throwing
 * Level 4.5 Dodging
 + Level 5.9 Stealth
 - Level 3.0 Spellcasting
   Level 1.1 Necromancy
   Level 1.0 Ice Magic


You had 11 spell levels left.
You didn't know any spells.

Dungeon Overview and Level Annotations

Branches:
Dungeon (4/15)             Temple (1/1) D:4

Altars:
Ashenzari
Cheibriados
Dithmenos
Elyvilon
Kikubaaqudgha
Makhleb
Nemelex Xobeh
Okawaru
Qazlal
Sif Muna
Trog
Uskayaw
Vehumet
Xom
Zin
The Shining One

Shops:
D:4 }((


Innate Abilities, Weirdness & Mutations

You have razor-sharp teeth.
You have supernaturally acute eyesight. (SInv)
You can survive without breathing.


Message History

The gnoll hits you from afar with a spear.
Wield which item (- for none, * to show all)? (? for menu, Esc to quit)
Your +0 dagger of venom begins to drip with poison!
n - a +0 dagger of venom (weapon)
The gnoll hits you from afar with a spear!
The gnoll closely misses you. The gnoll hits you with a spear!
You hit the gnoll.
The gnoll is poisoned.
Your bite misses the gnoll.
The gnoll is lightly wounded.
The gnoll misses you.
You hit the gnoll but do no damage.
The gnoll looks as sick as possible!
You bite the gnoll, but do no damage.
The gnoll is moderately wounded.
The gnoll barely misses you.
You hit the gnoll.
The gnoll looks as sick as possible!
The gnoll is moderately wounded.
The gnoll looks more healthy.
The gnoll hits you from afar with an enchanted spear!
* * * LOW HITPOINT WARNING * * *
The gnoll hits you with a spear.
You die...

##..............#
#....###..........
...........##.####
.##........##.# #
......##...##.# .#
#...#####.....## .(#
....#
#....#..####gg#
....#####.####..#.g#
.........# ##.@g#
.#.#####. ##.## ##.#
#. #.# ## #. #..
####


You could see 4 gnolls.

Vanquished Creatures
  A hound (D:4)
  An orc priest (D:3)
  A gnoll shaman (D:4)
  2 worker ants (D:3)
  5 adders (D:3)
  2 oozes
  5 worms
  4 dart slugs
  6 leopard geckos
  10 orcs
  6 giant cockroaches
  12 goblins
  10 hobgoblins
  12 jackals
  2 quokkas
  A ball python (D:2)
  14 bats
  3 frilled lizards
  2 kobolds (D:1)
  15 rats
114 creatures vanquished.

Notes
Turn   | Place    | Note
-------+----------+-------------------------------------------
     0 | D:1      | straycat the Vampire Wanderer began the quest for the Orb.
     0 | D:1      | straycat set off with: 2 curare-tipped needles, a +2 blowgun, a scroll of teleportation, a +0 robe, a +0 dagger, a potion of blood
     0 | D:1      | Reached XP level 1. HP: 13/13 MP: 4/4
   111 | D:1      | Reached XP level 2. HP: 19/19 MP: 6/6
   228 | D:1      | Reached skill level 1 in Short Blades
   891 | D:1      | Reached XP level 3. HP: 25/25 MP: 7/7
  1663 | D:2      | Reached XP level 4. HP: 31/31 MP: 8/8
  1815 | D:2      | Found a sparkling altar of Nemelex Xobeh.
  1864 | D:2      | Found a hide-covered altar of Uskayaw.
  2004 | D:3      | Reached skill level 5 in Stealth
  2163 | D:3      | Reached skill level 1 in Fighting
  2374 | D:3      | Found a burning altar of Makhleb.
  2512 | D:3      | Found a glowing drain.
  2530 | D:3      | Reached XP level 5. HP: 37/37 MP: 9/9
  2931 | D:3      | Found a glowing golden altar of the Shining One.
  3206 | D:3      | Found a glowing silver altar of Zin.
  3206 | D:3      | Noticed an angel
  4203 | D:3      | Reached XP level 6. HP: 28/43 MP: 10/10
  4421 | D:4      | Found Kydyhyle's Gadget Boutique.
  4421 | D:4      | Found Puohol's Antique Weapon Boutique.
  4456 | D:4      | Found Guupt's Antique Weapon Emporium.
  4470 | D:4      | Found an iron altar of Okawaru.
  4494 | D:4      | Found a staircase to the Ecumenical Temple.
  4548 | Temple   | Entered the Ecumenical Temple
  5131 | D:4      | Slain by a gnoll

Skill      XL: |  1  2  3  4  5 |
---------------+----------------+-----
Short Blades   | 1 2 3 |  3.5
Dodging        | 2 3 4 |  4.5
Stealth        | 5 |  5.9
Fighting       | 1 |  1.9
Throwing       | |  1.0
Spellcasting   | |  3.0
Necromancy     | |  1.1
Ice Magic      | |  1.0

Action                   |  1- 3 |  4- 6 || total
-------------------------+-------+-------++-------
Melee: Dagger            |   127 |   117 ||   244
       Short sword       |     7 |       ||     7
       Bite              |    12 |    20 ||    32
       Flail             |       |    11 ||    11
       Unarmed           |       |     5 ||     5
       Hunting sling     |       |     9 ||     9
 Fire: Blowgun           |     2 |     7 ||     9
       Hunting sling     |       |    89 ||    89
Throw: Stone             |       |    34 ||    34
 Abil: End Transformatio |       |     2 ||     2
       Bat Form          |       |     2 ||     2
  Use: Potion            |     2 |     8 ||    10
       Scroll            |       |     3 ||     3
 Stab: Sleeping          |    10 |     6 ||    16
       Distracted        |     1 |       ||     1
  Eat: Corpse            |       |     2 ||     2
Armor: Robe              |    24 |    19 ||    43
       Leather armour    |       |     4 ||     4
Dodge: Dodged            |    80 |   122 ||   202
